 Dungeon Crawl Stone Soup version 0.16-a0-3154-g62f4276 (webtiles) character file.

123 EonDragon20 the Insei (level 4, -4/27 HPs)
             Began as a Lacertilian Transmuter on Sept 29, 2015.
             Slain by a giant frog (7 damage)
             ... on level 3 of the Dungeon.
             The game lasted 00:15:28 (2748 turns).

EonDragon20 the Insei (Lacertilian Transmuter)      Turns: 2748, Time: 00:15:28

Health: -4/27      AC:  7    Str: 10    XL:     4   Next: 80%
Magic:  1/5        EV: 12    Int: 14    God:
Gold:   102        SH:  0    Dex: 14    Spells: 2 memorised, 2 levels left

rFire  . . .     SeeInvis .       - Unarmed
rCold  . . .     Clarity  .     c - +0 robe
rNeg   . . .     SustAb   .     (no shield)
rPois  .         Gourm    .     p - +1 helmet
rElec  .         Spirit   .     (no cloak)
rCorr  .         Warding  .     (no gloves)
rMut   .         Stasis   .     (boots unavailable)
MR     .....                    (no amulet)
Stlth  ++........               (no ring)
                                (no ring)

@: appendage, not resistant to hostile enchantments, unstealthy
A: strong connection with the divine, talons 3, slimy green scales 2, camouflage
1
a: End Transformation


You were on level 3 of the Dungeon.
You were not hungry.
You had grown temporary talons.
You visited 1 branch of the dungeon, and saw 3 of its levels.
You also visited: Sewer.

You collected 102 gold pieces.

Inventory:

Missiles
 b - 7 arrows
Armour
 c - a +0 robe (worn)
 p - a +1 helmet (worn)
Magical devices
 k - a wand of invisibility (8)
Scrolls
 e - a scroll of teleportation
Potions
 l - a potion of cure mutation {unknown}
 n - 2 potions of mutation
 q - a potion of heal wounds {unknown}
 r - a potion of curing
Books
 d - a book of Changes

   Spells                             Type                      Level
   a - Beastly Appendage              Transmutation                1
   b - Sticks to Snakes               Transmutation                2
   c - Spider Form                    Transmutation/Poison         3
   d - Ice Form                       Ice/Transmutation            4
   e - Blade Hands                    Transmutation                5
Comestibles
 a - 2 bread rations
 m - a meat ration


   Skills:
 - Level 0.7 Fighting
 - Level 2.0 Dodging
 * Level 4.4 Unarmed Combat
 - Level 1.3 Spellcasting
 + Level 3.2 Transmutations


You had 2 spell levels left.
You knew the following spells:

 Your Spells              Type           Power        Failure   Level  Hunger
a - Beastly Appendage     Trmt           ##....       10%         1    ##.....
b - Sticks to Snakes      Trmt           ##........   12%         2    ###....


Dungeon Overview and Level Annotations

Branches:
Dungeon (3/15)

Altars:


Innate Abilities, Weirdness & Mutations

You have a strong connection with the divine.
You may change religions without suffering divine wrath.
You are mostly covered in slimy green scales (AC +3).
Your skin changes colour to match your surroundings (Stealth).
You have claws for feet.


Message History

The giant frog is lightly wounded.
Your adder misses the giant frog.
The giant frog hits you but does no damage.
You hit the giant frog but do no damage.
The giant frog is lightly wounded.
The giant frog seems to regain its courage.
The giant frog hits you but does no damage.
Your adder bites the giant frog.
The giant frog hits you!
* * * LOW HITPOINT WARNING * * *
Your adder closely misses the giant frog.
The giant frog closely misses you.
Your adder bites the giant frog.
The giant frog is poisoned.
Your adder poisons the giant frog!
The giant frog barely misses your adder.
Welcome back to the Dungeon!
There is a collapsed entrance here.
You miss the giant frog. Your kick misses the giant frog.
You tail-slap the giant frog, but do no damage.
The giant frog is moderately wounded.
The giant frog hits you!
You die...

. .. ###### ###≈#@F#
######### #≈≈≈##S#
.....†..# #≈#≈##≈#
###..##.# #≈#≈#≈≈# #
###..##.####≈#≈#≈##≈#
...........#≈#≈#≈≈≈≈#
#.#...#.####≈#≈#≈####
......#.####≈#≈≈≈≈≈≈#
.........!.########≈#


You could see a giant frog and a friendly adder.

Vanquished Creatures
  Ijyb (D:2)
  Robin (D:1)
  A giant mite (Sewer)
  3 giant geckos
  8 giant cockroaches
  14 hobgoblins
  4 ball pythons (Sewer)
  11 bats
  5 giant newts
  12 goblins
  3 kobolds
  7 rats
70 creatures vanquished.

Vanquished Creatures (collateral kills)
  An adder (Sewer)
  A giant mite (Sewer)
  A goblin (D:2)
  A giant cockroach (Sewer)
4 creatures vanquished.

Grand Total: 74 creatures vanquished

Notes
Turn   | Place    | Note
--------------------------------------------------------------
     0 | D:1      | EonDragon20, the Lacertilian Transmuter, began the quest for the Orb.
     0 | D:1      | Reached XP level 1. HP: 12/12 MP: 2/2
   271 | D:1      | Reached skill level 3 in Unarmed Combat
   435 | D:1      | Reached XP level 2. HP: 10/18 MP: 3/3
   604 | D:1      | Learned a level 2 spell: Sticks to Snakes
   954 | D:2      | Noticed Robin
  1082 | D:2      | Noticed Ijyb
  1116 | D:2      | Killed Ijyb
  1116 | D:2      | Reached XP level 3. HP: 17/22 MP: 0/4
  1312 | D:1      | Killed Robin
  1554 | D:2      | Reached skill level 4 in Unarmed Combat
  1576 | D:2      | Reached XP level 4. HP: 27/27 MP: 5/5
  2292 | D:3      | Found a glowing drain.
  2298 | Sewer    | Entered a sewer
  2720 | Sewer    | Noticed a giant frog
  2723 | Sewer    | Noticed a giant frog
  2748 | D:3      | Slain by a giant frog

Action                   |  1- 3 |  4- 6 || total
-------------------------+-------+-------++-------
Melee: Unarmed           |   152 |   129 ||   281
 Cast: Beastly Appendage |     9 |     2 ||    11
       Sticks to Snakes  |     1 |     4 ||     5
  Use: Potion            |     2 |       ||     2
       Scroll            |       |     8 ||     8
 Stab: Sleeping          |     3 |     1 ||     4
  Eat: Chunk             |     2 |     5 ||     7
